 Dungeon Crawl Stone Soup version 0.19.0-19-g8c6edcc (webtiles) character file.

6176 McCoppin the Grappler (level 10, -2/106 HPs)
             Began as a Troll Venom Mage on Nov 13, 2016.
             Slain by a bullfrog (3 damage)
             ... while paralysed by a hornet
             ... on level 9 of the Dungeon.
             The game lasted 00:21:38 (7138 turns).

McCoppin the Grappler (Troll Venom Mage)            Turns: 7138, Time: 00:21:39

Health: -2/106     AC:  5    Str: 20    XL:     10   Next: 60%
Magic:  10/10      EV:  1    Int: 11    God:
Gold:   348        SH:  0    Dex: 11    Spells: 1 memorised, 10 levels left

rFire  x . .     SeeInvis .       - Unarmed
rCold  + . .     Gourm    +     a - +0 robe
rNeg   . . .     Faith    .     (no shield)
rPois  .         Spirit   .     (helmet restricted)
rElec  .         Reflect  .     (no cloak)
rCorr  .         Harm     .     (gloves unavailable)
MR     .....                    (boots unavailable)
Stlth  +.........               x - amulet of rage
                                F - ring of ice
                                (no ring)

@: paralysed, lethally poisoned (-2 -> -5), slowed
A: unfitting armour, claws 3, fast metabolism 3, gourmand, regeneration 1,
shaggy fur 1, tough skin 2
a: Evoke Berserk Rage


You were on level 9 of the Dungeon.
You were not hungry.

You visited 2 branches of the dungeon, and saw 10 of its levels.

You collected 538 gold pieces.
You spent 190 gold pieces at shops.

Inventory:

Armour
 a - a +0 robe (worn)
Jewellery
 x - an amulet of rage (around neck)
 D - an uncursed ring of flight
 F - a ring of ice (right claw)
 O - a -3 ring of protection
Wands
 t - a wand of acid (10/15)
 E - a wand of flame (0/48)
Scrolls
 g - 7 scrolls of teleportation
 k - a scroll of amnesia {unknown}
 m - 2 scrolls of enchant armour {unknown}
 n - 3 scrolls of remove curse
 o - 2 scrolls of fear {unknown}
 p - 4 scrolls of noise {unknown}
 r - 2 scrolls of fog
 s - 3 scrolls of enchant weapon {unknown}
 w - 2 scrolls of random uselessness {unknown}
 y - 3 scrolls of blinking {unknown}
 B - 2 scrolls of recharging
 C - a scroll of magic mapping
 N - 2 scrolls of identify
Potions
 d - 2 potions of haste {unknown}
 e - a potion of ambrosia
 f - a potion of cure mutation {unknown}
 i - a potion of curing
 j - 3 potions of mutation {unknown}
 l - a potion of flight
 u - 2 potions of degeneration {unknown}
 v - 2 potions of resistance
 z - 3 potions of might
 A - a potion of berserk rage
 H - a potion of heal wounds {unknown}
 I - 2 potions of brilliance {unknown}
 K - 3 potions of lignification {unknown}
Books
 b - a Young Poisoner's Handbook

   Spells                             Type                      Level
   a - Sting                          Conjuration/Poison           1
   b - Mephitic Cloud                 Conjuration/Poison/Air       3
   c - Olgreb's Toxic Radiance        Poison                       4
   d - Alistair's Intoxication        Transmutation/Poison         5
   e - Venom Bolt                     Conjuration/Poison           5
 G - a book of Party Tricks

   Spells                             Type                      Level
   a - Summon Butterflies             Summoning                    1
   b - Apportation                    Translocation                1
   c - Lesser Beckoning               Translocation                3
   d - Tukima's Dance                 Hexes                        3
   e - Alistair's Intoxication        Transmutation/Poison         5
   f - Invisibility                   Hexes                        6
 M - the Tome of the Birds and the Compass
   (You found it on level 8 of the Dungeon)

   Spells                             Type                      Level
   a - Apportation                    Translocation                1
   b - Shroud of Golubria             Charms/Translocation         2
   c - Blink                          Translocation                2
   d - Static Discharge               Conjuration/Air              3
   e - Portal Projectile              Translocation                3
   f - Poisonous Cloud                Conjuration/Poison/Air       6
Comestibles
 c - 11 bread rations
 h - 5 meat rations
 q - 9 fruits
 J - 6 beef jerkies
 L - a slice of pizza


   Skills:
 + Level 8.9 Fighting
 - Level 5.0 Dodging
 - Level 1.0 Stealth
 + Level 12.3 Unarmed Combat
 - Level 1.2 Spellcasting
 - Level 2.9 Poison Magic


You had 10 spell levels left.
You knew the following spells:

 Your Spells              Type           Power        Failure   Level  Hunger
a - Sting                 Conj/Pois      #...         21%         1    ##.....


Dungeon Overview and Level Annotations

Branches:
Dungeon (9/15)             Temple (1/1) D:6
   Lair: D:8-11         Orc: D:9-12

Altars:
Ashenzari
Cheibriados
Dithmenos
Elyvilon
Fedhas
Gozag
Hepliaklqana
Kikubaaqudgha
Makhleb
Nemelex Xobeh
Okawaru
Qazlal
Ru
Sif Muna
Uskayaw
Vehumet
Xom
Yredelemnul
Zin
The Shining One

Shops:
D:5 %[!(   D:6 [


Innate Abilities, Weirdness & Mutations

You are too large for most types of armour.
You have claws for hands.
Your metabolism is lightning-fast.
You like to eat raw meat.
Your natural rate of healing is unusually fast.
You are covered in fur. (AC +1)
You have very tough skin. (AC +2)


Message History

A bullfrog and a black bear come into view.
The bullfrog gives a loud, deep croak!
The black bear growls angrily.
You scratch the hornet but do no damage.
The hornet is almost dead.
You feel sick.
The hornet stings you but does no damage.
The hornet stings you!
You suddenly lose the ability to move!
You feel sick.
The bullfrog hits you but does no damage.
The hornet stings you!
* * * LOW HITPOINT WARNING * * *
You feel as though you will be slow longer.
The bullfrog hits you!
* * * LOW HITPOINT WARNING * * *
You feel sick. The hornet stings you!
* * * LOW HITPOINT WARNING * * *
You feel as though you will be slow longer.
The bullfrog releases a deep croak.
The bullfrog hits you.
You die...

#.####.....## ##... #..
###.###.######..## ...# #...#
#.##.....###
#.#####.#####.##.#####
..#.....#........#
..........#......#
.#..####....h....#######
#......F...........##..
....###@###......##.##.. ## .
#y# #......##.##.. ..>. ###g#
#......##...<. ....# ##..g#
#####.##...#.. ........#..###
##.....###..
........#g########......# #..
..g................####..####
g...(...#..........# ##.#
...................# .#


You could see a hornet, a black bear, a bullfrog and 2 gnolls.

Vanquished Creatures
  Pikel (D:5)
  A troll (D:9)
  A two-headed ogre (D:8)
  4 hippogriffs
  A wraith (D:9)
  A hungry ghost (D:8)
  Menkaure (D:4)
  A water moccasin (D:8)
  4 orc warriors
  2 sky beasts
  3 ice beasts
  4 ogres
  2 slaves (D:5)
  6 centaurs
  A gnoll sergeant (D:8)
  4 bullfrogs
  A wyvern skeleton (D:9)
  4 scorpions
  6 howler monkeys
  4 crimson imps
  2 centaur zombies
  A gnoll shaman (D:9)
  3 hounds
  4 jellies
  4 orc priests
  2 bullfrog skeletons
  2 iguanas
  9 orc wizards
  5 worker ants
  A worker ant zombie (D:6)
  A howler monkey zombie (D:7)
  6 gnolls
  5 adders
  3 oozes
  2 adder skeletons
  4 worms
  A dart slug (D:2)
  5 leopard geckos
  26 orcs
  8 giant cockroaches
  6 goblins
  11 hobgoblins
  8 jackals
  8 kobolds
  3 quokkas
  2 ball pythons
  9 bats
  3 frilled lizards
  A jackal skeleton (D:7)
  A jackal zombie (D:7)
  A leopard gecko skeleton (D:4)
  7 rats
206 creatures vanquished.

Notes
Turn   | Place    | Note
-------+----------+-------------------------------------------
     0 | D:1      | McCoppin the Troll Venom Mage began the quest for the Orb.
     0 | D:1      | Reached XP level 1. HP: 16/16 MP: 1/1
     0 | D:1      | Noticed a spriggan
     0 | D:1      | Noticed an octopode
     4 | D:1      | Noticed a minotaur skeleton
     4 | D:1      | Noticed an elf
    11 | D:1      | Noticed an elf
    13 | D:1      | Noticed a formicid
    15 | D:1      | Noticed a vine stalker
    19 | D:1      | Noticed a gargoyle
    33 | D:1      | Noticed a naga
    58 | D:1      | Reached skill level 1 in Unarmed Combat
    91 | D:1      | Reached XP level 2. HP: 16/24 MP: 0/2
   161 | D:1      | Reached skill level 2 in Unarmed Combat
   423 | D:2      | Reached XP level 3. HP: 31/31 MP: 3/3
   556 | D:2      | Reached skill level 3 in Unarmed Combat
   579 | D:2      | Found a basalt altar of Yredelemnul.
  1003 | D:2      | Reached XP level 4. HP: 17/39 MP: 4/4
  1059 | D:3      | Reached skill level 4 in Unarmed Combat
  1097 | D:3      | Found a glowing silver altar of Zin.
  1420 | D:3      | Reached XP level 5. HP: 19/45 MP: 5/5
  1608 | D:3      | Reached skill level 5 in Unarmed Combat
  1702 | D:3      | Reached XP level 6. HP: 51/53 MP: 6/6
  1966 | D:4      | Noticed an orc warrior
  1999 | D:4      | Reached skill level 6 in Unarmed Combat
  2062 | D:4      | Found a hide-covered altar of Uskayaw.
  2076 | D:4      | Reached skill level 10 in Unarmed Combat
  2076 | D:4      | Reached XP level 7. HP: 78/78 MP: 7/7
  2086 | D:4      | Reached skill level 11 in Unarmed Combat
  2290 | D:4      | Noticed Menkaure
  2304 | D:4      | Killed Menkaure
  2328 | D:4      | Reached XP level 8. HP: 81/87 MP: 8/8
  2796 | D:5      | Entered Level 5 of the Dungeon
  3110 | D:5      | Found Silen's Distillery.
  3146 | D:5      | Bought a potion of might for 40 gold pieces
  3146 | D:5      | Bought a potion of resistance for 100 gold pieces
  3146 | D:5      | Bought a potion of berserk rage for 50 gold pieces
  3163 | D:5      | Noticed Pikel
  3178 | D:5      | Killed Pikel
  3266 | D:5      | Found Cagasug's Antique Armour Emporium.
  3270 | D:5      | Found Cosk's Food Shoppe.
  3371 | D:5      | Reached XP level 9. HP: 92/93 MP: 9/9
  3589 | D:5      | Found Kuupni's Weapon Boutique.
  3661 | D:6      | Found a shadowy altar of Dithmenos.
  4022 | D:6      | Found a shattered altar of Ashenzari.
  4045 | D:6      | Reached skill level 5 in Dodging
  4096 | D:6      | Found Duneclixt's Antique Armour Emporium.
  4249 | D:6      | Found a radiant altar of Vehumet.
  4250 | D:6      | Found a burning altar of Makhleb.
  4344 | D:6      | Found a staircase to the Ecumenical Temple.
  4460 | Temple   | Entered the Ecumenical Temple
  4930 | D:7      | Got a shimmering long sword
  4931 | D:7      | Identified the +3 long sword "Faany" {elec, Int+4} (You found it on level 7 of the Dungeon)
  5361 | D:7      | Found a shimmering altar of Xom.
  5400 | D:7      | Found a blossoming altar of Fedhas.
  5402 | D:7      | Found an ancient bone altar of Kikubaaqudgha.
  5983 | D:8      | Reached XP level 10. HP: 76/104 MP: 10/10
  6021 | D:8      | Identified the Tome of the Birds and the Compass
  6029 | D:8      | Found a deep blue altar of Sif Muna.
  6145 | D:8      | Found a snail-covered altar of Cheibriados.
  6299 | D:8      | Reached skill level 12 in Unarmed Combat
  6537 | D:8      | Found a glowing golden altar of the Shining One.
  7136 | D:9      | Paralysed by a hornet for 3 turns
  7138 | D:9      | HP: 1/106 [hornet (13)]
  7138 | D:9      | Slain by a bullfrog

Skill      XL: |  1  2  3  4  5  6  7  8  9 10 |
---------------+-------------------------------+-----
Unarmed Combat | 1 2 3 4 5 10 11 12 | 12.3
Fighting       | 7 8 |  8.9
Dodging        | 4 5 |  5.0
Stealth        | |  1.0
Spellcasting   | |  1.2
Poison Magic   | |  2.9

Action                   |  1- 3 |  4- 6 |  7- 9 | 10-12 || total
-------------------------+-------+-------+-------+-------++-------
Melee: Unarmed           |   127 |   122 |   252 |   117 ||   618
       Punch             |       |     2 |    10 |     8 ||    20
  Use: Scroll            |       |     2 |     5 |     2 ||     9
       Potion            |       |     1 |       |     1 ||     2
 Stab: Sleeping          |     1 |     1 |     3 |     1 ||     6
       Distracted        |       |       |     1 |       ||     1
  Eat: Chunk             |     5 |    14 |    37 |     6 ||    62
       Bread ration      |       |     1 |       |       ||     1
Armor: Robe              |    49 |    34 |    53 |    24 ||   160
Dodge: Dodged            |    90 |    44 |    84 |    59 ||   277
